 Dungeon Crawl Stone Soup version 0.24.0-123-gd5b16e6ec5 (webtiles) character file.

Game seed: 14949444138012243671, levelgen mode: deterministic

65 brucemayne the Chopper (level 4, -1/39 HPs)
             Began as a Hill Orc Monk on Jan 18, 2020.
             Was a Believer of Trog.
             Killed from afar by an orc wizard (5 damage)
             ... with a magic dart
             ... on level 3 of the Dungeon.
             The game lasted 00:02:48 (607 turns).

brucemayne the Chopper (Hill Orc Monk)               Turns: 607, Time: 00:02:49

Health: -1/39      AC:  3    Str: 14    XL:     4   Next: 14%
Magic:  4/4        EV: 13    Int: 10    God:    Trog [**....]
Gold:   103        SH:  0    Dex: 13    Spells: 3/3 levels left

rFire    . . .     SeeInvis .   a - +0 hand axe
rCold    . . .     Gourm    .   (no shield)
rNeg     . . .     Faith    .   b - +0 robe
rPois    .         Spirit   .   (no helmet)
rElec    .         Reflect  .   (no cloak)
rCorr    .         Harm     .   i - +0 pair of gloves
MR       ++...                  (no boots)
Stlth    ++........             (no amulet)
HPRegen  1.13/turn              (no ring)
MPRegen  0.09/turn              (no ring)

@: berserk cooldown, very slightly contaminated, regenerating, slowed,
invisible, very slow
A: no striking features
a: Berserk, Trog's Hand, Renounce Religion


You were on level 3 of the Dungeon.
You worshipped Trog.
Trog was pleased with you.
You were not hungry.

You visited 1 branch of the dungeon, and saw 3 of its levels.

You collected 103 gold pieces.

Inventory:

Hand Weapons
 a - a +0 hand axe (weapon)
 l - a +0 dagger of venom
Missiles
 d - 2 throwing nets (quivered)
Armour
 b - a +0 robe (worn)
 i - a +0 pair of gloves (worn)
Scrolls
 h - a scroll of identify {unknown}
 j - a scroll of enchant weapon {unknown}
Potions
 e - a potion of invisibility
 g - a potion of brilliance {unknown}
 k - a potion of curing {unknown}
Comestibles
 c - 3 rations


   Skills:
 - Level 3.6 Fighting
 + Level 6.5 Axes
 - Level 2.4 Dodging
 - Level 1.5 Stealth


You had 3 spell levels left.
You didn't know any spells.
Your spell library was empty.

Dungeon Overview and Level Annotations

Branches:
Dungeon (3/15)

Altars:
Trog


Message History

* * * LOW HITPOINT WARNING * * *
Unknown command.
It was a potion of invisibility.
You fade into invisibility!
The orc wizard closely misses you.
The orc wizard hits you but does no damage.
You are very lightly contaminated with residual magic.
You hit the orc wizard.
The orc wizard is severely wounded.
You feel the effects of Trog's Hand fading.
The orc wizard closely misses you. The orc wizard barely misses you.
You completely miss the orc wizard.
The orc wizard is severely wounded.
The orc wizard is no longer moving quickly.
The orc wizard closely misses you.
The orc wizard hits you with a +0 dagger.
* * * LOW HITPOINT WARNING * * *
The orc wizard points at you and mumbles some strange words.
The magic dart hits you.
You die...

###... ......... ......
......... ..... .......#
.##...###......#.
....<.....)......
........)....# .....#
........[.# .....#
........o.#####........
.......††@...............
..........................
................##........
###.............##........
..........................
......#...................
......#...................
......#...............#
......####............####


You could see an orc wizard.

Vanquished Creatures
  An orc wizard (D:3)
  2 adders
  An orc (D:3)
  A giant cockroach (D:2)
  3 goblins
  2 hobgoblins
  3 jackals (D:3)
  3 bats
  3 frilled lizards
  A kobold (D:3)
  3 rats
23 creatures vanquished.

Notes
Turn   | Place    | Note
-------+----------+-------------------------------------------
     0 | D:1      | brucemayne the Hill Orc Monk began the quest for the Orb.
     0 | D:1      | Reached XP level 1. HP: 19/19 MP: 1/1
   159 | D:2      | Reached XP level 2. HP: 21/26 MP: 2/2
   190 | D:2      | Reached skill level 5 in Axes
   281 | D:2      | Found a bloodstained altar of Trog.
   289 | D:2      | Became a worshipper of Trog the Wrathful
   289 | D:2      | Reached * piety under Trog
   289 | D:2      | Reached ** piety under Trog
   468 | D:3      | Reached XP level 3. HP: 21/31 MP: 3/3
   580 | D:3      | Reached skill level 6 in Axes
   580 | D:3      | Reached XP level 4. HP: 39/39 MP: 4/4
   607 | D:3      | Killed from afar by an orc wizard

Levels and vault maps discovered:
D:1:      psy_arrival_statuary, layout_basic, minmay_misc_feat_five
D:2:      layout_loops_corners, old_standard_altar,
          nicolae_overflow_crystal_walls
D:3:      layout_basic, chequers_temple_overflow_statue_of_worship, uniq_jessica

Skill      XL: |  1  2  3 |
---------------+----------+-----
Axes           | 5 6 |  6.5
Fighting       | |  3.6
Dodging        | |  2.4
Stealth        | |  1.5

Action                   |  1- 3 |  4- 6 || total
-------------------------+-------+-------++-------
Melee: Hand axe          |    60 |    11 ||    71
Invok: Trog's Hand       |     1 |     1 ||     2
       Berserk           |     1 |       ||     1
  Use: Potion            |       |     1 ||     1
 Stab: Sleeping          |     8 |       ||     8
  Eat: Chunk             |       |     1 ||     1
Armor: Robe              |     7 |     1 ||     8
Dodge: Dodged            |    52 |    10 ||    62
